cohdb
Replays
Latest Replays
All Replays
Popular Replays
Top Player Replays
Match Explorer
How It Works
Community
CoH3 Stats
Reddit
Sign in to upload your games and track your stats! →
Sign in with Steam
Match 28507221
Unlisted
Match 28507221
Overview
Messages
Build Orders
End
Selects Indian Artillery Battlegroup
Vickers Machine Gun Team
Construct Section Command Post
ML 3-inch Mortar Team
Vickers Machine Gun Team
Infantry Section
Dingo Light Scout Car
Construct Platoon Command Post
Selects Valour
6-pounder Anti-tank Gun Team
6-pounder Anti-tank Gun Team
Grenade Package
CMP 15cwt Truck
ML 3-inch Mortar Team
Vickers Machine Gun Team
Selects Gurkha Rifles Section
Construct Company Command Post
6-pounder Anti-tank Gun Team
Selects Volunteer Infantry
Selects Artillery Saturation
Matilda II Heavy Tank
IGGY
VitMix
Zantonyo
Terror-Marodeur
iAinEng
Akaxiya
0
0
Comments
sign in to comment!
No comments posted yet!